AoeStats
← 93老玩家回归

Black Forest

510061651Analyzed
4v4 RM · 4d ago on Sep 29, 2026· 50m 50s· 8 players
Game mode
Random Map
Map size
Large (8 player)
Population
200
Speed
Normal
Resources
Standard
Victory
Conquest
Starting age
Dark Age
Ending age
Imperial Age
RankedLock teamsTeams togetherTeam positionsShared explorationLock speedFull tech treeHidden civsTurbo modeCheats
Victory
Defeat
🇻🇳 Goths · Vietnam
1345
+14
🇳🇱 Persians · Netherlands
1314
+15
🇲🇽 Italians · Mexico
1305
+15
🇩🇪 Bengalis · Germany
1214
+19
🇨🇳 Turks · China
1394
-21
🇨🇳 Mongols · China
1281
-15
🇨🇳 Persians · China
1249
-14
🇨🇳 Portuguese · China
1225
-13
IiLeo M
1:03 Loom
12:07 Feudal Age
16:30 Castle Age
19:21 Town Watch
23:23 Wheelbarrow
23:33 Double-Bit Axe
25:25 Bow Saw
26:10 Hand Cart
31:02 Imperial Age
29:16 Fletching
29:26 Padded Archer Armor
31:19 Bodkin Arrow
31:39 Leather Archer Armor
31:53 Ballistics
30:56 Crossbowman
32:41 Bracer
32:51 Thumb Ring
32:08 Arbalester
33:49 Ring Archer Armor
35:29 Chemistry
35:16 Gold Mining
35:16 Stone Mining
38:36 Silk Road
39:03 Caravan
40:11 Elite Genoese Crossbowman
50:14 Elite Genoese Crossbowman
Japie05
11:13 Feudal Age
12:22 Loom
15:11 Castle Age
13:17 Double-Bit Axe
17:38 Bow Saw
18:17 Horse Collar
20:52 Fishing Lines
21:43 Heavy Plow
24:55 Wheelbarrow
24:32 Gillnets
24:55 Gold Mining
25:29 Stone Mining
26:15 Gold Shaft Mining
27:06 Stone Shaft Mining
29:37 Imperial Age
27:30 Hand Cart
28:45 Scale Barding Armor
28:51 Forging
29:49 Chain Barding Armor
28:51 Light Cavalry
29:34 Husbandry
29:44 Bloodlines
29:25 Cavalier
31:10 Iron Casting
32:03 Plate Barding Armor
30:53 Savar
32:14 Crop Rotation
32:48 Two-Man Saw
33:12 Conscription
34:13 Blast Furnace
33:04 Fletching
33:17 Town Watch
35:15 Chemistry
34:21 Pikeman
35:02 Squires
34:50 Arson
35:25 Scale Mail Armor
35:56 Town Patrol
36:56 Chain Mail Armor
36:37 Bodkin Arrow
37:04 Ballistics
36:55 Masonry
36:44 Halberdier
38:07 Caravan
37:58 Light Cavalry
39:25 Plate Mail Armor
39:46 Padded Archer Armor
41:17 Leather Archer Armor
43:27 Ring Archer Armor
47:49 Coinage
47:11 Hussar
venOm
11:36 Feudal Age
15:30 Castle Age
14:01 Double-Bit Axe
15:22 Fishing Lines
16:23 Bow Saw
17:52 Gillnets
18:02 Gold Mining
21:09 Stone Mining
22:43 Loom
23:40 Wheelbarrow
26:42 Hand Cart
26:17 Town Watch
30:09 Imperial Age
27:50 Fletching
28:26 Ballistics
28:26 Bodkin Arrow
29:07 Padded Archer Armor
30:06 Leather Archer Armor
30:05 Bloodlines
29:55 Husbandry
30:21 Paiks
30:10 Elite Elephant Archer
31:00 Bracer
34:03 Chemistry
34:51 Conscription
35:37 Gold Shaft Mining
35:01 Horse Collar
36:15 Mahayana
37:35 Ring Archer Armor
37:38 Caravan
47:24 Coinage
Giong
0:30 Loom
11:20 Feudal Age
15:39 Castle Age
13:53 Double-Bit Axe
14:05 Horse Collar
16:49 Bow Saw
18:03 Heavy Plow
25:37 Town Watch
27:19 Scale Mail Armor
27:29 Forging
27:44 Pikeman
29:40 Squires
32:20 Imperial Age
30:32 Anarchy
31:37 Iron Casting
31:17 Chain Mail Armor
31:35 Gold Mining
32:20 Stone Mining
32:28 Halberdier
34:35 Blast Furnace
34:52 Chemistry
34:39 Ballistics
35:20 Two-Man Saw
34:55 Elite Huskarl
37:22 Conscription
39:57 Wheelbarrow
41:24 Caravan
44:18 Coinage
44:36 Perfusion
48:04 Hand Cart
47:49 Town Patrol
93老玩家回归
11:39 Feudal Age
13:09 Double-Bit Axe
16:29 Castle Age
14:40 Horse Collar
16:19 Fishing Lines
24:14 Imperial Age
22:15 Padded Archer Armor
22:35 Gold Mining
24:51 Leather Archer Armor
26:04 Wheelbarrow
29:25 Ring Archer Armor
35:04 Loom
38:18 Hand Cart
42:18 Conscription
42:00 Artillery
42:51 Gold Shaft Mining
43:04 Husbandry
43:15 Bloodlines
47:06 Scale Barding Armor
46:51 Fletching
47:12 Forging
48:26 Chain Barding Armor
小花花
0:54 Loom
13:21 Feudal Age
18:16 Castle Age
16:07 Double-Bit Axe
17:33 Horse Collar
27:21 Imperial Age
26:41 Wheelbarrow
26:06 Gold Mining
26:14 Fletching
28:30 Stone Mining
31:17 Stone Shaft Mining
31:43 Coinage
33:11 Chemistry
32:44 Bodkin Arrow
34:45 Banking
34:38 Ballistics
34:30 Fortified Wall
34:52 Heavy Plow
37:40 Bombard Tower
37:59 Conscription
40:03 Bracer
40:04 Padded Archer Armor
40:33 Arquebus
41:06 Hand Cart
42:03 Bow Saw
42:37 Thumb Ring
42:16 Elite Skirmisher
43:52 Leather Archer Armor
43:34 Heated Shot
48:33 Ring Archer Armor
48:14 Forging
48:05 Scale Mail Armor
860
5:44 Loom
8:18 Feudal Age
8:48 Double-Bit Axe
9:30 Horse Collar
22:54 Castle Age
24:14 Bow Saw
27:57 Imperial Age
25:23 Gold Mining
25:26 Stone Mining
25:43 Fletching
27:04 Wheelbarrow
27:10 Gold Shaft Mining
26:45 Bodkin Arrow
27:15 Ballistics
27:09 Fortified Wall
27:48 Stone Shaft Mining
29:38 Chemistry
29:11 Bracer
30:01 Padded Archer Armor
30:21 Elite Mangudai
32:46 Hand Cart
32:16 Town Watch
34:19 Conscription
35:55 Caravan
44:55 Capped Ram
47:02 Drill
46:06 Siege Ram
47:49 Thumb Ring
48:17 Parthian Tactics
48:08 Husbandry
48:19 Bloodlines
送你一个极瘪
6:28 Loom
12:09 Feudal Age
15:55 Castle Age
14:25 Double-Bit Axe
17:48 Wheelbarrow
17:04 Fishing Lines
19:39 Gillnets
31:31 Imperial Age
29:15 Gold Mining
29:16 Stone Mining
29:39 Scale Barding Armor
30:11 Hand Cart
29:42 Town Watch
31:13 Chain Barding Armor
31:04 Forging
31:41 Gold Shaft Mining
31:20 Elite War Elephant
32:21 Conscription
32:48 Plate Barding Armor
32:54 Bow Saw
33:50 Iron Casting
33:27 Caravan
35:32 Blast Furnace
35:38 Stone Shaft Mining
37:07 Husbandry
37:23 Bloodlines
38:23 Horse Collar
39:39 Heavy Plow
43:58 Crop Rotation
Connection lost

Rejoining the realm…

Still unreachable

The connection could not be restored.

Session expired

The server has moved on; the page needs a fresh start.